 Dungeon Crawl Stone Soup version 0.26.0-10-g1f06aea511 (webtiles) character file.

Game seed: 1779674085715691690

31906 MajorAdolf the Thaumaturge (level 13, 0/202 HPs)
             Began as a Naga Wanderer on Jan 16, 2021.
             Was an Initiate of Gozag.
             Slain by a phantasmal warrior (13 damage)
             ... on level 13 of the Dungeon.
             The game lasted 00:35:39 (20630 turns).

MajorAdolf the Thaumaturge (Naga Wanderer)         Turns: 20630, Time: 00:35:39

Health: 0/202      AC: 30    Str: 14    XL:     13   Next: 61%
Magic:  1/24       EV:  1    Int: 14    God:    Gozag
Gold:   2220       SH:  0    Dex: 15    Spells: 25/33 levels left

rFire    + + .     SeeInvis +   g - +7 dagger (speed)
rCold    + . .     Faith    .   (no shield)
rNeg     + + +     Spirit   .   (armour currently unavailable)
rPois    +         Reflect  .   (helmet currently unavailable)
rElec    .         Harm     .   (cloak currently unavailable)
rCorr    .         Rampage  .   (gloves currently unavailable)
Will     +....     NoTele   +   (no barding)
Stlth    ++........             (no amulet)
HPRegen  0.43/turn              c - +4 ring of protection
MPRegen  0.19/turn              l - ring "Duzoxeeles" {rPois rF++ rC+}

@: short of breath, tree-form, gold aura, very slightly contaminated
A: large, see invisible, low mp 1, robust 1, spit poison 2, AC +4
a: Breathe Poison Gas, Breathe Poison Gas, Renounce Religion, Potion Petition,
Call Merchant, Bribe Branch


You were on level 13 of the Dungeon.
You worshipped Gozag.
Gozag was most pleased with you.
You were a tree.
You visited 2 branches of the dungeon, and saw 14 of its levels.
You also visited: Ossuary.

You collected 2417 gold pieces.
You paid 197 gold pieces to Gozag.

Inventory:

Hand Weapons
 g - a +7 dagger of speed (weapon)
 D - the +5 falchion of Siaps {vorpal, rC+ Will+ Stlth+, unknown}
   (You found it on level 8 of the Dungeon)

   It inflicts extra damage upon your enemies.
   It protects you from cold.
   It affects your willpower, your defense against some magical effects.
   It makes you more stealthy.
Missiles
 F - 43 bolts
Armour
 a - a +0 ring mail
 p - a cursed +0 robe
 s - the +3 leather armour "Yputeula" (melded) {*Contam +Fly Int-3 Slay+6}
   (You took it off an orc on level 7 of the Dungeon)

   It affects your intelligence (-3).
   It affects your accuracy and damage with ranged weapons and melee attacks
   (+6).
   It lets you fly.
   It causes magical contamination when unequipped.
 t - a +0 scale mail of cold resistance
 y - a +1 troll leather armour
 N - a +1 robe of cold resistance
Magical Staves
 E - an uncursed staff of conjuration
Jewellery
 c - a +4 ring of protection (left branch)
 l - the ring "Duzoxeeles" (right branch) {rPois rF++ rC+}
   (You found it on level 5 of the Dungeon)

   [ring of poison resistance]

   It greatly protects you from fire.
   It protects you from cold.
   It protects you from poison.
 A - a +4 ring of evasion
 G - an uncursed ring of ice
 I - an uncursed ring of wizardry
 K - an uncursed ring of fire
 L - an uncursed ring of fire
 P - the ring of the Princeling {+Fly rPois Str+8}
   (You took it off a deep elf mage on level 11 of the Dungeon)

   [ring of flight]

   It affects your strength (+8).
   It protects you from poison.
   It lets you fly.
 Q - the ring of Divine Intervention {rElec rN+ rCorr}
   (You took it off a tengu conjurer on level 11 of the Dungeon)

   [ring of resist corrosion]

   It insulates you from electricity.
   It protects you from negative energy.
   It provides partial protection from all sources of acid and corrosion.
Wands
 b - a wand of polymorph (1)
 o - a wand of enslavement (4)
 H - a wand of iceblast (20)
 J - a wand of digging (6)
 R - a wand of paralysis (3)
 T - a wand of disintegration (12)
 U - a wand of random effects (11)
Scrolls
 d - 2 scrolls of remove curse
 e - 3 scrolls of identify
 f - 3 scrolls of magic mapping
 i - 8 scrolls of teleportation
 q - 2 scrolls of enchant armour
 v - a scroll of fear
 C - 4 scrolls of amnesia
 M - 2 scrolls of fog
Potions
 h - a potion of lignification
 j - 4 potions of flight
 k - 7 potions of curing
 m - a potion of cancellation
 n - 2 potions of invisibility {unknown}
 r - 3 potions of haste
 u - 3 potions of berserk rage
 w - 3 potions of heal wounds {unknown}
 x - 2 potions of resistance
 z - a potion of ambrosia {unknown}
 B - 3 potions of attraction {unknown}
Miscellaneous
 S - a tin of tremorstones (2/2)


   Skills:
 - Level 10.0 Fighting
 - Level 10.0 Short Blades
 - Level 3.0 Axes
 - Level 1.0 Crossbows
 - Level 1.0 Throwing
 - Level 2.4 Armour
 - Level 1.5 Stealth
 + Level 10.6 Spellcasting
 - Level 6.0 Transmutations
 - Level 6.0 Fire Magic
 + Level 8.0 Air Magic
 + Level 10.3 Poison Magic


You had 25 spell levels left.
You knew the following spells:

 Your Spells              Type           Power        Failure   Level
a - Poisonous Vapours     Pois/Air       66%          1%          2
b - Ignite Poison         Fire/Tmut/Pois 28%          1%          3
c - Mephitic Cloud        Conj/Pois/Air  24%          2%          3

Your spell library contained the following spells:

 Spells                   Type           Power        Failure   Level
 Sting                    Tmut/Pois      100%         1%          1
 Olgreb's Toxic Radiance  Pois           36%          1%          4
 Foxfire                  Conj/Fire      60%          3%          1
 Conjure Flame            Conj/Fire      15%          9%          3
 Inner Flame              Hex/Fire       15%          9%          3
 Freeze                   Ice            28%          10%         1
 Magic Dart               Conj           28%          10%         1
 Summon Small Mammal      Summ           28%          10%         1
 Blink                    Tloc           N/A          16%         2
 Call Imp                 Summ           7%           16%         2
 Slow                     Hex            7%           16%         2
 Summon Lightning Spire   Summ/Air       18%          19%         4
 Sticky Flame             Conj/Fire      15%          28%         4
 Call Canine Familiar     Summ           7%           30%         3
 Frozen Ramparts          Ice            14%          30%         3
 Ozocubu's Armour         Ice            7%           30%         3
 Summon Guardian Golem    Hex/Summ       7%           30%         3
 Fireball                 Conj/Fire      7%           63%         5
 Hailstorm                Conj/Ice       7%           69%         4
 Summon Ice Beast         Ice/Summ       7%           69%         4


Dungeon Overview and Level Annotations

Branches:
Dungeon (13/15)            Temple (1/1) D:7            Lair (0/6) D:8
    Orc (0/2) D:11        Ossuary (visited)
 Vaults: D:13-14

Altars:
Ashenzari
Cheibriados
Dithmenos
Elyvilon
Fedhas
Gozag
Hepliaklqana
Kikubaaqudgha
Makhleb
Nemelex Xobeh
Okawaru
Qazlal
Ru
Sif Muna
Trog
Uskayaw
Vehumet
Wu Jian
Xom
Yredelemnul
Zin

Shops:
D:5 !   D:8 ?   D:9 =


Innate Abilities, Weirdness & Mutations

You cannot wear boots.
((Your serpentine skin is tough. (AC +4)))
You have supernaturally acute eyesight. (SInv)
((Armour fits poorly on your strangely shaped body.))
((Your system is resistant to poisons. (rPois)))
((You cover ground very slowly.))
You can exhale a cloud of poison.
((You can use your snake-like lower body to constrict enemies.))
Your magical capacity is low. (-10% MP)
You are robust. (+10% HP)


Message History

Unknown command.
Unknown command.
Casting: Ignite Poison (safe; 1% risk of failure)
Confirm with . or Enter, or press ? or * to list all spells.
You don't know that spell.
Casting: Ignite Poison (safe; 1% risk of failure)
Confirm with . or Enter, or press ? or * to list all spells.
You ignite the poison in your surroundings!
The phantasmal warrior is engulfed in blazing flames.
The phantasmal warrior hits you!!
* * * LOW HITPOINT WARNING * * *
You hear a chilling moan.
Unknown command.
Unknown command.
You barely miss the phantasmal warrior.
The phantasmal warrior is moderately damaged.
The phantasmal warrior is engulfed in blazing flames.
The phantasmal warrior hits you!
You die...
Your body crumbles into a pile of gold.

## #..#.....)..####....##
##. #..#....##.>...)))...#
$##...#..##..#####....).....
#..K$#..##..# ##.....####
.C$.$.##..# ##....# #
####$..)###.# ##..##
......$$# #.# #..#
......$$###.# #..#
########K#♣.# #..# #(W..#
#..# ###$..# ....# .....#
......# ......## #......#
#......#


You could see a phantasmal warrior.

Vanquished Creatures
  A frost giant (D:13)
  2 hydras
  Fannar (D:11)
  3 boulder beetles (D:11)
  2 centaur warriors
  6 two-headed ogres
  A tengu warrior (D:13)
  Urug (D:12)
  Pikel (D:4)
  An orc knight (D:13)
  2 deep elf magi (D:11)
  A shining eye (shapeshifter) (D:11)
  6 ugly things
  5 cyclopes
  3 gargoyles
  A kobold demonologist (D:12)
  A tengu conjurer (D:11)
  A hornet (D:9)
  6 trolls
  Grinder (D:3)
  A shadow (D:11)
  A wyvern (D:8)
  2 wraiths (Ossuary)
  14 yaks
  A vampire mosquito (D:9)
  A swamp worm (D:8)
  2 acid dragons (D:12)
  5 sky beasts
  3 ice beasts
  5 orc warriors
  2 eyes of draining (D:11)
  3 phantoms
  6 ogres
  5 centaurs
  A lemure (D:4)
  2 big kobolds
  13 bullfrogs
  A gnoll sergeant (D:11)
  8 scorpions
  7 killer bees
  13 wights
  A howler monkey (D:4)
  A bullfrog zombie (D:11)
  2 centaur zombies
  A quasit (D:11)
  7 hounds
  4 jellies
  10 orc priests
  2 bullfrog skeletons
  5 centaur skeletons
  4 iguanas
  11 worker ants
  10 orc wizards
  A hound skeleton (D:11)
  6 gnolls
  15 adders
  4 river rats (D:7)
  A shadow imp (D:8)
  3 white imps
  4 ufetubi
  2 oozes
  An adder zombie (Ossuary)
  An adder skeleton (D:4)
  2 worms
  2 dart slugs
  8 leopard geckos
  71 orcs
  6 ball pythons
  7 giant cockroaches
  7 goblins
  3 hobgoblins
  8 jackals
  6 quokkas
  A ball python skeleton (Ossuary)
  4 bats
  5 frilled lizards
  A giant cockroach zombie (D:5)
  A hobgoblin zombie (Ossuary)
  16 kobolds
  3 leopard gecko skeletons
  A leopard gecko zombie (D:5)
  2 orc skeletons (Ossuary)
  2 orc zombies (Ossuary)
  A quokka skeleton (D:4)
  2 rats
397 creatures vanquished.

Vanquished Creatures (others)
  21 fungi (D:8)
  45 plants
66 creatures vanquished.

Grand Total: 463 creatures vanquished

Notes
Turn   | Place    | Note
-------+----------+-------------------------------------------
     0 | D:1      | MajorAdolf the Naga Wanderer began the quest for the Orb.
     0 | D:1      | MajorAdolf set off with the following items: a +2 hand axe,
                  | a +0 hand crossbow, 28 bolts, a +0 ring mail
     0 | D:1      | Reached XP level 1. HP: 18/18 MP: 1/1
   173 | D:1      | Reached XP level 2. HP: 22/26 MP: 2/2
   388 | D:1      | Found a sparkling altar of Nemelex Xobeh.
   407 | D:1      | Reached skill level 1 in Short Blades
   831 | D:2      | Reached XP level 3. HP: 23/33 MP: 3/3
  1246 | D:2      | Reached XP level 4. HP: 22/40 MP: 4/4
  2755 | D:3      | Noticed Grinder
  2765 | D:3      | Paralysed by Grinder for 6 turns
  2775 | D:3      | Found a burning altar of Makhleb.
  2775 | D:3      | Found a blossoming altar of Fedhas.
  2775 | D:3      | Found a hazy altar of Hepliaklqana.
  2775 | D:3      | Found a stormy altar of Qazlal.
  2775 | D:3      | Found a glowing silver altar of Zin.
  2775 | D:3      | Found a broken altar of Ashenzari.
  2837 | D:3      | Paralysed by Grinder for 4 turns
  2861 | D:3      | Killed Grinder
  2862 | D:3      | Reached XP level 5. HP: 30/51 MP: 5/5
  2862 | D:3      | Reached XP level 6. HP: 34/58 MP: 6/6
  4674 | D:4      | Reached skill level 5 in Fighting
  4674 | D:4      | Reached XP level 7. HP: 67/67 MP: 7/7
  4675 | D:4      | Noticed Pikel
  4734 | D:4      | Killed Pikel
  4735 | D:4      | Reached XP level 8. HP: 63/78 MP: 8/8
  5363 | D:5      | Entered Level 5 of the Dungeon
  5601 | D:5      | Found Buentach's Distillery.
  5891 | D:5      | Found a bloodstained altar of Trog.
  5999 | D:5      | Got a scintillating steel ring
  6007 | D:5      | Identified the ring "Duzoxeeles" {rPois rF++ rC+} (You
                  | found it on level 5 of the Dungeon)
  6738 | D:6      | Learned a level 2 spell: Poisonous Vapours
  6867 | D:6      | Reached skill level 1 in Poison Magic
  6867 | D:6      | Reached XP level 9. HP: 88/88 MP: 8/10
  7173 | D:6      | Reached skill level 1 in Air Magic
  7293 | D:6      | Reached skill level 1 in Spellcasting
  7814 | D:7      | Identified the +3 leather armour "Yputeula" {*Contam +Fly
                  | Int-3 Slay+6}
  7939 | D:7      | Found a staircase to the Ecumenical Temple.
  8642 | D:8      | Found a sand-covered staircase.
  8651 | Ossuary  | Entered an ossuary
  9263 | D:8      | Found Kenwab's Magic Scroll Emporium.
  9266 | D:8      | Noticed a two-headed ogre
  9271 | D:8      | a two-headed ogre changed into a swamp worm
  9284 | D:8      | Reached XP level 10. HP: 97/98 MP: 14/14
  9427 | D:8      | Reached skill level 5 in Poison Magic
  9449 | D:8      | Gained mutation: Your spells are a little easier to cast,
                  | but a little less powerful. [mutagenic glow]
 10323 | D:8      | Found a staircase to the Lair.
 10333 | D:8      | Got a masterwork falchion
 11083 | Temple   | Entered the Ecumenical Temple
 11187 | Temple   | Became a worshipper of Gozag Ym Sagoz the Greedy
 11266 | D:9      | Found Cyraoqiu's Jewellery Boutique.
 11389 | D:9      | Noticed a two-headed ogre
 11695 | D:9      | Reached skill level 5 in Air Magic
 11731 | D:9      | Lost mutation: Your spells are a little easier to cast, but
                  | a little less powerful. [potion of mutation]
 11731 | D:9      | Gained mutation: Your spells are a little harder to cast,
                  | but a little more powerful. [potion of mutation]
 11731 | D:9      | Gained mutation: You are weak. (Str -2) [potion of
                  | mutation]
 11731 | D:9      | Gained mutation: You are somewhat resistant to further
                  | mutation. [potion of mutation]
 11732 | D:9      | Lost mutation: You are weak. (Str -2) [potion of mutation]
 11732 | D:9      | Lost mutation: You are somewhat resistant to further
                  | mutation. [potion of mutation]
 11732 | D:9      | Lost mutation: Your spells are a little harder to cast, but
                  | a little more powerful. [potion of mutation]
 11732 | D:9      | Gained mutation: You are robust. (+10% HP) [potion of
                  | mutation]
 11732 | D:9      | Gained mutation: You can exhale a cloud of poison. [potion
                  | of mutation]
 11788 | D:9      | Killed a two-headed ogre
 12170 | D:9      | Reached XP level 11. HP: 116/116 MP: 18/18
 12367 | D:10     | Entered Level 10 of the Dungeon
 12419 | D:10     | Reached skill level 5 in Spellcasting
 13289 | D:10     | Learned a level 3 spell: Ignite Poison
 13601 | D:10     | Noticed a two-headed ogre
 13611 | D:10     | Reached skill level 10 in Fighting
 13619 | D:10     | Killed a two-headed ogre
 13620 | D:10     | Reached skill level 1 in Transmutations
 13620 | D:10     | Reached skill level 1 in Fire Magic
 13787 | D:10     | Noticed a centaur warrior
 13797 | D:10     | Noticed a cyclops
 13819 | D:10     | Killed a cyclops
 14140 | D:10     | Reached skill level 10 in Short Blades
 14371 | D:10     | Noticed a two-headed ogre
 14378 | D:10     | Killed a centaur warrior
 14404 | D:10     | Killed a two-headed ogre
 15207 | D:11     | Noticed Fannar
 15234 | D:11     | Killed Fannar
 15524 | D:11     | Reached XP level 12. HP: 109/127 MP: 21/21
 16277 | D:11     | Found a staircase to the Orcish Mines.
 16577 | D:11     | Found a blossoming altar of Fedhas.
 16579 | D:11     | Identified the +6 quarterstaff of Curien {freeze, rF+}
 16612 | D:11     | Reached skill level 5 in Transmutations
 16612 | D:11     | Reached skill level 5 in Fire Magic
 16639 | D:11     | Noticed a boulder beetle
 16659 | D:11     | Noticed a six-headed hydra
 16837 | D:11     | Identified the ring of the Princeling {+Fly rPois Str+8}
 17010 | D:11     | Noticed a boulder beetle
 17029 | D:11     | Killed a boulder beetle
 17086 | D:11     | Identified the ring of Divine Intervention {rElec rN+
                  | rCorr}
 17315 | D:11     | Killed a boulder beetle
 17580 | D:11     | Noticed a two-headed ogre
 17594 | D:11     | a two-headed ogre changed into a shining eye
 17598 | D:11     | Gained mutation: Your magical capacity is low. (-10% MP) [a
                  | shining eye]
 17857 | D:11     | Killed a six-headed hydra
 18176 | D:11     | Noticed a boulder beetle
 18189 | D:11     | Killed a boulder beetle
 18190 | D:11     | Gained mutation: You can use your snake-like lower body to
                  | constrict enemies. [Naga growth]
 18190 | D:11     | Reached XP level 13. HP: 101/135 MP: 14/24
 19033 | D:12     | Learned a level 3 spell: Mephitic Cloud
 19047 | D:12     | Reached skill level 10 in Spellcasting
 19927 | D:12     | Noticed Urug
 19944 | D:12     | Killed Urug
 20477 | D:13     | Reached skill level 10 in Poison Magic
 20583 | D:13     | Noticed a frost giant
 20616 | D:13     | Killed a frost giant
 20630 | D:13     | Slain by a phantasmal warrior

Illustrated notes

Levels and vault maps discovered:
D:1:      sevenhm_arrival_forest_fort_small_6, layout_rooms
D:2:      layout_basic, minmay_shallow_snake_nest
D:3:      layout_basic, grunt_temple_overflow_open, uniq_grinder
D:4:      layout_basic, uniq_pikel
D:5:      layout_basic, bloody_trog, serial_shops, shop, grunt_ministairs_15
D:6:      layout_layer_cave
D:7:      wad_woods_tower, layout_loops_ring, temple_statues
D:8:      layout_cave_pods, grunt_lair_entry_orc_guard_hut,
          nicolae_ossuary_entry_plus, serial_shops, shop_scrolls
D:9:      minmay_recursive_quarters, layout_cave_pools, serial_shops, shop,
          kennysheep_generic_room_8
D:10:     cheibrodos_fzero, layout_basic
D:11:     minmay_the_grid_triangle_9x9_rhombus_full_mashed
          [minmay_the_grid_triangle_9x9_shrine,
          minmay_the_grid_triangle_9x9_zippers_vertical,
          minmay_the_grid_triangle_9x9_sparse_checkered,
          minmay_the_grid_triangle_9x9_sprig,
          minmay_the_grid_triangle_9x9_negative_grid,
          minmay_the_grid_triangle_9x9_semitri,
          minmay_the_grid_triangle_9x9_pentomino_pain,
          minmay_the_grid_triangle_9x9_prize_special], layout_basic,
          david_orc_2, uniq_fannar
D:12:     layout_small_grid, amcnicky_mini_pool_medium, uniq_urug
D:13:     minmay_containers, layout_layer_cave, serial_shops, shop,
          minmay_fractal_squares_gapless_7, uniq_maurice
Temple:   regret_index_temple_waves

Skill      XL: |  1  2  3  4  5  6  7  8  9 10 11 12 13 |
---------------+----------------------------------------+-----
Fighting       | 2 4 5 6 7 8 9 10 | 10.0
Short Blades   | 1 2 4 6 7 8 9 10 | 10.0
Poison Magic   | 1 4 7 8 10 | 10.3
Air Magic      | 3 5 6 8 |  8.0
Spellcasting   | 3 4 6 9 10 | 10.6
Transmutations | 3 6 |  6.0
Fire Magic     | 3 6 |  6.0
Axes           | |  3.0
Crossbows      | |  1.0
Throwing       | |  1.0
Armour         | |  2.4
Stealth        | |  1.5

Action                   |  1- 3 |  4- 6 |  7- 9 | 10-12 | 13-15 || total
-------------------------+-------+-------+-------+-------+-------++-------
Melee: Hand axe          |     8 |       |       |       |       ||     8
       Dagger            |    75 |   193 |   505 |   763 |    96 ||  1632
       Constrict         |       |       |       |       |    14 ||    14
 Cast: Poisonous Vapours |       |       |     6 |    13 |    14 ||    33
       Ignite Poison     |       |       |       |    13 |    24 ||    37
       Mephitic Cloud    |       |       |       |       |     2 ||     2
 Abil: Spit Poison       |     2 |     9 |     9 |     2 |       ||    22
       Breathe Poison Ga |       |       |       |    38 |    19 ||    57
Evoke: Wand              |       |       |     1 |       |       ||     1
  Use: Scroll            |       |     2 |    13 |    11 |     2 ||    28
       Potion            |       |     1 |     1 |     3 |     3 ||     8
 Stab: Sleeping          |       |       |     5 |     1 |       ||     6
       Distracted        |       |       |       |     3 |       ||     3
       Confused          |       |       |       |       |     1 ||     1
Armor: Ring mail         |    27 |    13 |       |       |       ||    40
       Skin              |       |    10 |    20 |     6 |     9 ||    45
       Scale mail        |       |    59 |     1 |       |       ||    60
       Troll leather arm |       |       |    41 |       |       ||    41
       Leather armour    |       |       |    55 |   234 |    28 ||   317
Dodge: Dodged            |    47 |    42 |   103 |   192 |    22 ||   406
